Map: Megaton

Players

lPORNOGRAFIA - Winner!

  • Race: Terran Terran
  • Spawn Location: 0:00

DARKKMASTERZ - Winner!

  • Race: Protoss Protoss
  • Spawn Location: 11:00

sherikam - Winner!

  • Race: Protoss Protoss
  • Spawn Location: 12:00

Grumm - Winner!

  • Race: Zerg Zerg
  • League: Gold
  • Spawn Location: 0:00

Rajani

  • Race: Protoss Protoss
  • Spawn Location: 5:00

EldritcH

  • Race: Protoss Protoss
  • Spawn Location: 5:00

Obiwan

  • Race: Protoss Protoss
  • Spawn Location: 5:00

hungryhippo

  • Race: Protoss Protoss
  • Spawn Location: 6:00

VOD

Have the link to the VOD?

Description

Time

  • Played on: Feb. 2, 2016, 2:01 p.m.
  • Length: 14:16
Show
View Real Time Build Order
Export as new Build Order

lPORNOGRAFIA Terran - Winner!

Build Orders: MMM Bio 

Get SALT Encoding   

  12  0:09  SCV  
  13  0:16  Supply Depot  
  13  0:21  SCV  
  14  0:33  SCV  
  15  0:42  Barracks  
  15  0:44  Refinery  
  15  0:46  SCV  
  16  0:58  SCV  
  17  1:11  SCV  
  18  1:29  Orbital Command  
  18  1:30  Barracks Reactor  
  18  1:49  Command Center  
  17  2:04  SCV  
  17  2:06  Supply Depot  
  17  2:07  Marine  
  17  2:08  Marine  
  20  2:18  SCV  
  21  2:23  Barracks  
  21  2:26  Marine  
  22  2:32  Marine  
  22  2:36  SCV  
  24  2:46  Marine  
  24  2:47  Barracks  
  24  2:49  Marine  
  24  2:50  SCV  
  27  3:03  SCV, Barracks  
  28  3:11  Orbital Command  
  28  3:16  SCV  
  29  3:20  Barracks Tech Lab  
  29  3:25  Marine x2  
  31  3:30  SCV  
  32  3:35  Barracks Tech Lab  
  32  3:39  SCV  
  33  3:42  Marine  
  33  3:43  Stimpack  
  33  3:45  Marine, SCV  
  33  3:48  Marine  
  36  3:52  SCV  
  38  4:00  Barracks Reactor  
  38  4:01  SCV  
  39  4:04  Supply Depot  
  39  4:06  Marine  
  39  4:07  Combat Shields  
  39  4:08  Marine x2  
  42  4:10  Marine  
  42  4:15  SCV  
  42  4:16  SCV  
  45  4:28  Command Center  
  45  4:32  SCV  
  45  4:33  SCV  
  45  4:36  Supply Depot  
  47  4:42  Marauder  
  47  4:43  Marine x2  
  47  4:44  Marauder  
  53  4:46  SCV  
  54  4:55  Supply Depot  
  54  4:57  SCV  
  54  4:59  Factory  
  55  5:00  Refinery, SCV  
  55  5:01  Marine  
  55  5:03  Marine  
  55  5:06  Marauder  
  60  5:12  Engineering Bay  
  60  5:13  SCV x2  
  62  5:20  Supply Depot, Marine  
  63  5:22  Marauder  
  63  5:25  SCV  
  63  5:27  SCV  
  67  5:37  Marine x2  
  67  5:39  Marine  
  67  5:40  Marauder  
  72  5:43  Supply Depot  
  72  5:44  Factory Reactor  
  72  5:45  Supply Depot  
  72  5:50  Starport  
  72  5:52  Orbital Command  
  72  5:56  SCV x2  
  74  5:58  Marine x2  
  74  6:01  Concussive Shells  
  74  6:04  Marauder  
  78  6:05  Marine  
  78  6:11  Supply Depot, SCV  
  80  6:25  Marine x2  
  82  6:26  Refinery x2, Marine  
  82  6:27  Marauder  
  82  6:31  Marine  
  82  6:32  Marauder, Barracks  
  88  6:34  SCV x3  
  88  6:38  Supply Depot  
  91  6:41  Engineering Bay  
  91  6:44  Refinery x2  
  91  6:47  Medivac  
  91  6:49  Medivac  
  91  6:51  Factory Tech Lab  
  91  6:54  Marine  
  96  6:55  Marine  
  96  6:56  Marauder, Marine  
  96  6:59  SCV  
  96  7:01  SCV  
  102  7:02  SCV  
  102  7:05  Marine  
  102  7:07  Marauder  
  106  7:10  Missile Turret  
  106  7:13  Terran Infantry Weapons Level 1  
  106  7:14  Marine x3  
  109  7:15  Missile Turret  
  109  7:16  Missile Turret  
  109  7:19  Terran Infantry Armor Level 1, Marine x2  
  111  7:23  Marine  
  111  7:25  SCV x3  
  111  7:27  Marine  
  116  7:32  Marine  
  116  7:33  Supply Depot  
  117  7:38  Medivac  
  117  7:43  Marine x2  
  123  7:44  Marauder  
  123  7:45  Marine  
  123  7:48  Marauder  
  125  7:55  Siege Tank  
  125  7:56  Marine  
  125  7:57  Medivac  
  128  8:00  SCV x3  
  128  8:03  Barracks Tech Lab  
  130  8:06  Marauder  
  130  8:12  Barracks x2  
  132  8:13  Supply Depot, Barracks  
  132  8:16  Starport, Supply Depot  
  132  8:18  SCV  
  133  8:24  Marauder, SCV x2  
  137  8:27  Marine x2, Armory  
  137  8:30  Supply Depot  
  139  8:38  Marine x2  
  139  8:39  Marauder x2  
  143  8:44  Marine  
  143  8:45  Marauder  
  143  8:47  Marine  
  144  8:56  Marine x2  
  144  9:00  Marauder  
  144  9:01  Marauder  
  144  9:02  Marine  
  142  9:03  Medivac x2, Siege Tank  
  142  9:04  Marine, SCV x2  
  142  9:07  Marauder  
  150  9:14  Marine  
  143  9:18  Marine  
  143  9:20  Marine  
  143  9:21  Marine  
  143  9:22  Marauder  
  118  9:26  Marine  
  118  9:28  Marauder, Barracks Reactor  
  118  9:29  Barracks Tech Lab, Barracks Reactor  
  105  9:32  Marine  
  106  9:38  Barracks  
  106  9:39  Barracks  
  106  9:40  Factory  
  106  9:42  SCV x3  
  109  9:47  Marine x3  
  109  9:48  Marauder x3  
  109  9:49  Marine  
  119  9:58  Siege Tank  
  119  9:59  Command Center  
  122  10:01  Missile Turret, Terran Infantry Weapons Level 2  
  122  10:04  Terran Infantry Armor Level 2  
  122  10:10  Starport Reactor  
  122  10:14  Terran Vehicle And Ship Armor Level 1  
  122  10:18  Armory  
  122  10:20  Supply Depot  
  122  10:22  SCV  
  122  10:23  SCV x2  
  122  10:24  Command Center  
  125  10:30  Barracks Reactor  
  125  10:31  Barracks Reactor  
  125  10:35  SCV  
  122  10:36  Marine x2  
  122  10:37  Marauder x3, Marine  
  122  10:39  Medivac x2  
  122  10:40  Siege Tank  
  136  10:49  Medivac x2  
  124  10:57  Marine x6  
  124  10:58  Marine x3  
  120  11:04  Marine x2  
  120  11:05  Marauder  
  118  11:13  Planetary Fortress  
  118  11:15  Marine x2  
  118  11:16  Marauder  
  118  11:17  Marine x3  
  123  11:21  Marine  
  123  11:22  Medivac x2, Marauder x2  
  123  11:23  SCV  
  135  11:32  Terran Vehicle Weapons Level 1  
  133  11:35  Marine x4  
  133  11:36  Marine  
  133  11:39  Marine x5  
  143  11:45  Marine x3  
  143  11:46  Marine x2  
  134  11:47  Marine  
  134  11:50  Medivac x2  
  134  11:53  Marine x3  
  137  11:57  Siege Tank  
  137  11:58  Factory Tech Lab  
  140  12:04  Marauder  
  140  12:05  Missile Turret  
  140  12:06  Command Center  
  140  12:07  Orbital Command  
  142  12:13  Marauder, Viking x2  
  148  12:29  Siege Tank  
  151  12:31  Command Center, Siege Tank  
  154  12:39  Sensor Tower, Marine  
  154  12:40  Marine x7  
  154  12:41  Marine x2  
  164  12:45  Marine  
  164  12:46  Marine x3  
  164  12:47  Marine x2  
  170  12:56  Missile Turret  
  170  13:11  Sensor Tower  
  170  13:12  Marauder x2, Marine x2  
  176  13:13  Marauder, Marine, Command Center  
  176  13:15  Command Center  
  176  13:16  Missile Turret  
  175  13:31  Viking x4, Missile Turret  
  178  13:40  Missile Turret, Marine x2  
  166  13:41  Marauder x4  
  166  13:42  Marine x7  
Show
View Real Time Build Order
Export as new Build Order

DARKKMASTERZ Protoss - Winner!

Build Orders: Double Forge 

Get SALT Encoding   

  12  0:16  Pylon  
  12  0:41  Forge  
  12  0:55  Gateway  
  12  0:56  Gateway  
  12  0:59  Gateway  
  12  1:08  Gateway  
  12  1:15  Probe (Chrono Boost)  
  13  1:25  Probe (Chrono Boost)  
  14  1:36  Probe (Chrono Boost)  
  15  1:46  Probe (Chrono Boost)  
  16  1:47  Assimilator  
  16  1:51  Assimilator  
  16  1:57  Probe (Chrono Boost)  
  17  2:07  Probe (Chrono Boost)  
  18  2:11  Cybernetics Core  
  18  2:18  Probe (Chrono Boost)  
  19  2:37  Pylon  
  19  2:42  Probe (Chrono Boost)  
  20  2:48  Warp Gate  
  20  2:50  Stalker  
  22  2:53  Probe (Chrono Boost)  
  23  2:59  Forge  
  23  3:03  Probe (Chrono Boost)  
  23  3:04  Stalker  
  26  3:05  Stalker  
  28  3:18  Stalker  
  30  3:27  Pylon  
  30  4:11  Stalker x4  
  38  4:22  Pylon  
  38  4:25  Pylon  
  38  4:27  Pylon  
  38  4:32  Protoss Ground Weapons Level 1  
  38  4:53  Stalker  
  38  4:54  Stalker x2  
  38  4:57  Stalker  
  46  5:09  Photon Cannon  
  46  5:31  Mothership Core (Chrono Boost)  
  48  6:04  Nexus  
  48  6:08  Pylon  
  48  6:13  Stalker x2  
  52  6:19  Stalker  
  54  6:41  Protoss Shields Level 1  
  54  7:16  Probe (Chrono Boost)  
  55  7:22  Stalker  
  55  7:23  Stalker x2  
  55  7:24  Stalker  
  55  7:26  Probe (Chrono Boost)  
  65  7:37  Probe (Chrono Boost)  
  65  7:47  Probe (Chrono Boost)  
  66  7:58  Probe (Chrono Boost)  
  67  8:08  Probe (Chrono Boost)  
  67  8:12  Robotics Facility  
  68  8:13  Robotics Facility  
  68  8:19  Probe (Chrono Boost)  
  69  8:25  Assimilator  
  69  8:27  Assimilator  
  69  8:29  Probe (Chrono Boost)  
  70  8:36  Photon Cannon  
  70  8:39  Photon Cannon  
  70  8:40  Probe (Chrono Boost)  
  71  8:51  Probe (Chrono Boost)  
  72  9:01  Probe (Chrono Boost)  
  71  9:48  Protoss Ground Armor Level 1  
  71  9:50  Immortal x2  
  79  9:55  Stalker x3  
  85  10:10  Pylon  
  85  10:16  Pylon  
  85  10:17  Pylon  
  85  10:19  Pylon  
  85  10:21  Pylon  
  85  10:29  Pylon, Immortal x2  
  85  10:35  Pylon  
  93  10:41  Stalker x2  
  93  10:42  Stalker  
  99  10:46  Stalker  
  101  10:53  Probe (Chrono Boost)  
  102  11:03  Probe (Chrono Boost)  
  103  11:08  Immortal  
  103  11:09  Twilight Council, Immortal  
  111  11:14  Probe (Chrono Boost)  
  112  11:47  Blink (Chrono Boost)  
  112  11:58  Immortal  
  112  11:59  Immortal  
  120  12:02  Stalker  
  120  12:03  Stalker x3  
  128  12:19  Probe  
  129  12:30  Probe  
  130  12:40  Probe  
  131  12:51  Probe  
  132  13:01  Probe  
Show
View Real Time Build Order
Export as new Build Order

sherikam Protoss - Winner!

Build Orders:  

Get SALT Encoding   

  12  0:08  Probe (Chrono Boost)  
  13  0:19  Probe (Chrono Boost)  
  14  0:27  Pylon  
  14  0:36  Probe (Chrono Boost)  
  15  0:49  Gateway  
  15  0:50  Probe (Chrono Boost)  
  15  0:53  Forge  
  16  1:05  Pylon  
  16  1:13  Pylon  
  16  1:17  Probe (Chrono Boost)  
  17  1:28  Probe (Chrono Boost)  
  18  1:39  Probe (Chrono Boost)  
  19  1:42  Zealot  
  21  1:49  Probe (Chrono Boost)  
  21  1:50  Photon Cannon  
  22  2:00  Probe (Chrono Boost)  
  23  2:02  Assimilator  
  23  2:07  Assimilator  
  23  2:10  Probe (Chrono Boost)  
  24  2:15  Photon Cannon  
  24  2:23  Gateway  
  24  2:24  Zealot  
  26  2:30  Cybernetics Core  
  26  2:43  Probe (Chrono Boost)  
  27  3:01  Pylon  
  27  3:09  Warp Gate  
  27  3:28  Photon Cannon  
  27  3:29  Photon Cannon  
  27  3:31  Photon Cannon  
  27  3:33  Pylon  
  27  3:46  Pylon  
  27  4:17  Stalker (Chrono Boost)  
  27  4:20  Stalker (Chrono Boost)  
  29  4:40  Gateway  
  29  4:41  Gateway  
  29  4:44  Stalker (Chrono Boost)  
  31  4:50  Stalker (Chrono Boost)  
  33  4:55  Mothership Core  
  35  5:25  Nexus  
  35  5:47  Pylon  
  35  5:48  Pylon  
  35  5:49  Pylon  
  35  5:54  Assimilator  
  35  5:58  Assimilator  
  35  6:14  Stalker x3  
  35  6:16  Stalker  
  43  6:29  Pylon  
  43  6:37  Pylon, Probe  
  44  6:58  Pylon  
  44  7:07  Probe x2  
  46  7:18  Probe  
  46  7:19  Probe  
  48  7:28  Probe  
  48  7:31  Probe  
  50  7:43  Probe  
  47  8:08  Stalker x4  
  55  8:14  Protoss Ground Weapons Level 1  
  55  8:15  Protoss Air Weapons Level 1  
  55  8:23  Probe  
  56  8:33  Probe  
  57  8:44  Probe  
  57  8:47  Stalker x4  
  66  8:54  Probe x2  
  68  9:05  Probe  
  68  9:06  Probe  
  70  9:12  Stalker  
  70  9:13  Stalker x3  
  70  9:15  Probe  
  78  9:18  Probe  
  78  9:22  Pylon  
  80  9:25  Pylon  
  80  9:26  Probe  
  80  9:30  Probe  
  82  9:36  Probe  
  83  9:47  Probe  
  84  9:54  Gateway  
  84  9:56  Gateway  
  84  9:57  Probe  
  85  10:06  Stalker  
  85  10:07  Twilight Council, Stalker x2  
  89  10:08  Probe, Stalker  
  89  10:13  Protoss Ground Armor Level 1  
  94  10:15  Protoss Air Armor Level 1  
  94  11:05  Blink (Chrono Boost)  
  94  11:17  Stalker  
  94  11:18  Stalker x5  
  106  12:00  Stalker x6  
  118  12:13  Robotics Facility  
  118  12:21  Dark Shrine  
  118  12:44  Pylon x2  
  118  12:46  Pylon  
  118  12:47  Pylon  
  118  12:51  Pylon  
  118  12:52  Pylon  
  118  12:53  Pylon  
  118  12:55  Pylon  
  118  13:04  Observer  
  119  13:17  Stargate  
  119  13:25  Observer  
  120  13:42  Stalker  
  120  13:43  Stalker x5  
  120  13:47  Observer  
  133  14:03  Fleet Beacon  
Show
View Real Time Build Order
Export as new Build Order

Grumm Zerg - Winner!

Build Orders: Pool First 

Get SALT Encoding   

  12  0:01  Drone  
  13  0:12  Drone  
  14  0:27  Spawning Pool  
  13  0:31  Drone  
  14  0:40  Overlord  
  14  1:06  Hatchery  
  13  1:15  Zergling x2  
  13  1:16  Zergling x4  
  16  1:42  Hatchery  
  15  1:54  Drone  
  15  1:55  Drone  
  17  2:09  Drone  
  17  2:12  Extractor  
  17  2:14  Extractor  
  16  2:34  Zergling x10  
  21  2:48  Drone x2  
  23  3:01  Drone x4  
  27  3:08  Drone x2  
  27  3:12  Queen  
  31  3:15  Overlord  
  31  3:43  Drone x6  
  31  3:44  Drone  
  38  3:53  Extractor  
  37  3:59  Drone, Extractor  
  37  4:02  Zergling x2  
  38  4:03  Zergling x6  
  38  4:05  Metabolic Boost  
  41  4:13  Lair  
  41  4:25  Roach Warren  
  40  4:35  Overlord x2  
  40  4:37  Drone  
  40  4:38  Drone  
  42  4:41  Spore Crawler  
  42  4:42  Spore Crawler  
  40  4:46  Drone x2  
  40  4:51  Spore Crawler  
  39  5:08  Roach  
  39  5:09  Roach x4  
  39  5:10  Roach  
  46  5:18  Roach x2  
  50  5:33  Zergling x2  
  50  5:34  Zergling x12  
  56  5:49  Roach  
  56  5:50  Roach  
  56  6:00  Overlord x2  
  56  6:05  Glial Reconstitution  
  56  6:18  Queen  
  58  6:28  Queen  
  60  6:33  Spine Crawler  
  60  6:35  Drone x3  
  62  6:42  Drone  
  62  6:43  Drone x5  
  68  6:58  Overlord x2  
  68  7:00  Roach  
  68  7:01  Roach  
  72  7:11  Spire  
  71  7:27  Extractor  
  71  7:29  Extractor  
  69  7:38  Overlord x2  
  69  7:39  Roach  
  69  7:40  Roach x9  
  89  7:56  Overlord  
  89  7:58  Drone x5  
  90  7:59  Drone x2  
  71  8:42  Mutalisk  
  71  8:43  Mutalisk x8  
  89  8:49  Pneumatized Carapace  
  89  8:51  Burrow  
  89  8:53  Zerg Flyer Weapons Level 1  
  89  9:00  Spire  
  88  9:15  Drone x5  
  93  9:27  Mutalisk x2  
  93  9:28  Mutalisk x5  
  107  10:41  Zerg Flyer Armor Level 1  
  107  10:50  Infestation Pit  
  107  10:51  Zerg Flyer Weapons Level 2  
  107  10:53  Mutalisk  
  107  10:54  Mutalisk x2  
  107  10:55  Overlord x2  
  107  10:56  Overlord x3  
  112  11:01  Overlord x3  
  112  11:02  Overlord  
  112  11:03  Tunneling Claws  
  112  11:14  Drone  
  113  11:29  Hive  
  113  11:36  Mutalisk x5  
  113  11:37  Mutalisk x6  
  135  12:10  Drone  
  135  12:11  Drone x9  
  145  12:16  Overseer  
  145  12:25  Evolution Chamber  
  145  12:27  Drone x2  
  145  12:29  Evolution Chamber  
  145  12:30  Overseer x2  
  145  12:45  Swarm Host x2  
Show
View Real Time Build Order
Export as new Build Order

Rajani Protoss 

Build Orders:  

Get SALT Encoding   

  12  0:12  Assimilator  
  12  0:14  Probe (Chrono Boost)  
  13  0:21  Pylon  
  13  0:25  Probe (Chrono Boost)  
  14  0:36  Probe (Chrono Boost)  
  15  0:46  Gateway  
  15  0:49  Probe (Chrono Boost)  
  16  1:02  Probe (Chrono Boost)  
  17  1:08  Assimilator  
  17  1:13  Probe (Chrono Boost)  
  18  1:20  Gateway  
  18  1:30  Pylon, Probe (Chrono Boost)  
  19  1:40  Probe (Chrono Boost)  
  20  1:48  Cybernetics Core  
  20  1:52  Probe (Chrono Boost)  
  21  2:04  Gateway  
  21  2:10  Pylon  
  21  2:28  Pylon  
  21  2:33  Warp Gate (Chrono Boost)  
  21  2:40  Stalker  
  21  2:42  Stalker  
  25  2:51  Gateway  
  25  2:58  Stalker  
  27  3:10  Pylon  
  27  3:14  Stalker  
  29  3:25  Stalker  
  31  3:32  Stalker  
  33  4:10  Stalker x3  
  33  4:11  Stalker  
  39  4:44  Nexus  
  39  5:01  Pylon  
  39  5:04  Pylon x2  
  39  5:07  Probe (Chrono Boost)  
  41  5:21  Probe (Chrono Boost)  
  41  5:31  Twilight Council, Probe (Chrono Boost)  
  42  5:42  Probe (Chrono Boost)  
  39  5:57  Probe x2 (Chrono Boost)  
  27  6:06  Gateway  
  27  6:07  Probe x2 (Chrono Boost)  
  27  6:08  Gateway  
  29  6:17  Forge  
  29  6:18  Probe (Chrono Boost)  
  30  6:20  Probe (Chrono Boost)  
  31  6:28  Probe (Chrono Boost)  
  31  6:30  Probe (Chrono Boost)  
  31  6:32  Stalker  
  35  6:40  Pylon  
  35  6:41  Stalker  
  35  6:45  Stalker  
  39  6:52  Stalker  
  41  6:56  Stalker  
  43  7:05  Stalker  
  45  7:10  Gateway  
  45  7:29  Nexus  
  45  7:33  Gateway  
  45  7:46  Blink  
  45  7:48  Stalker x2  
  45  7:50  Stalker  
  51  7:58  Stalker  
  51  8:00  Stalker  
  51  8:05  Stalker  
  57  8:16  Gateway  
  57  8:20  Stalker  
  57  8:22  Stalker  
  61  8:44  Protoss Ground Weapons Level 1 (Chrono Boost)  
  53  9:35  Stalker x6  
  53  9:36  Stalker x2  
  69  9:44  Assimilator  
  69  9:49  Assimilator  
  69  9:59  Stalker x4  
  77  10:00  Stalker x2  
  77  10:01  Nexus  
  77  10:05  Probe  
  77  10:06  Probe  
  83  10:16  Probe  
  83  10:17  Probe  
  85  10:25  Pylon  
  85  10:27  Pylon  
  85  10:29  Pylon  
  41  11:22  Stalker x3  
  41  11:23  Stalker x3  
  41  11:24  Stalker x3  
  55  11:30  Probe  
  55  11:32  Probe  
  57  11:40  Probe  
  57  11:42  Protoss Ground Armor Level 1 (Chrono Boost)  
  57  11:44  Probe  
  59  11:51  Probe  
  60  11:55  Probe  
  60  11:56  Probe  
  62  12:02  Probe  
  62  12:03  Stalker x3  
  62  12:05  Probe  
  62  12:08  Probe, Stalker  
  72  12:12  Probe  
  72  12:14  Stalker  
  76  12:16  Probe  
  76  12:17  Stalker  
  76  12:20  Probe  
  76  12:22  Stalker  
  82  12:26  Stalker, Probe  
  85  12:31  Stalker  
  87  12:37  Probe  
  87  12:40  Probe  
  87  12:41  Probe  
  90  12:47  Probe  
  90  12:50  Probe  
  91  12:51  Stalker  
  91  12:53  Probe  
  91  12:54  Stalker x2  
  91  12:58  Probe  
  99  12:59  Stalker  
  99  13:01  Probe  
  103  13:05  Probe  
  103  13:07  Stalker x2  
  103  13:08  Probe  
  103  13:10  Stalker  
  111  13:13  Stalker  
  65  13:50  Stalker x3  
  65  13:51  Stalker x6  
Show
View Real Time Build Order
Export as new Build Order

EldritcH Protoss 

Build Orders:  

Get SALT Encoding   

  12  0:02  Probe (Chrono Boost)  
  13  0:12  Probe (Chrono Boost)  
  14  0:23  Pylon  
  14  0:24  Probe (Chrono Boost)  
  15  0:40  Pylon  
  15  0:41  Probe (Chrono Boost)  
  16  0:51  Gateway  
  16  0:53  Assimilator  
  16  0:58  Assimilator  
  16  1:00  Probe (Chrono Boost)  
  17  1:10  Probe (Chrono Boost)  
  18  1:29  Probe (Chrono Boost)  
  19  1:39  Pylon, Probe (Chrono Boost)  
  20  1:42  Cybernetics Core  
  20  1:55  Gateway  
  20  1:58  Probe (Chrono Boost)  
  21  2:07  Pylon  
  21  2:12  Probe (Chrono Boost)  
  22  2:22  Gateway  
  22  2:23  Probe (Chrono Boost)  
  23  2:30  Pylon  
  23  2:48  Stalker x2 (Chrono Boost)  
  23  2:49  Warp Gate (Chrono Boost)  
  27  2:56  Probe  
  28  3:08  Mothership Core  
  32  3:13  Stalker (Chrono Boost)  
  32  3:25  Stalker (Chrono Boost)  
  32  3:26  Stalker (Chrono Boost)  
  36  3:39  Probe  
  37  4:31  Nexus  
  37  4:35  Pylon  
  37  4:37  Pylon  
  36  4:55  Pylon  
  36  4:56  Pylon  
  36  4:58  Pylon  
  36  4:59  Pylon  
  36  5:01  Pylon  
  36  5:07  Gateway  
  34  5:16  Stalker x3  
  40  5:35  Forge  
  40  5:39  Forge  
  40  5:42  Forge  
  40  5:45  Zealot  
  42  6:00  Probe  
  42  6:01  Probe  
  44  6:06  Zealot  
  44  6:10  Probe  
  46  6:13  Probe  
  48  6:21  Probe  
  48  6:25  Probe  
  50  6:31  Probe  
  50  6:37  Probe (Chrono Boost)  
  50  6:38  Pylon  
  52  6:43  Probe (Chrono Boost)  
  53  6:49  Probe (Chrono Boost)  
  55  6:54  Probe (Chrono Boost)  
  55  6:59  Probe (Chrono Boost)  
  56  7:03  Pylon  
  56  7:05  Pylon, Probe (Chrono Boost)  
  57  7:09  Gateway  
  57  7:10  Probe (Chrono Boost)  
  57  7:11  Gateway  
  57  7:15  Probe (Chrono Boost)  
  59  7:20  Probe (Chrono Boost), Stalker x3  
  59  7:22  Sentry  
  68  7:36  Assimilator  
  68  7:41  Assimilator  
  68  7:48  Stalker x4  
  76  8:01  Photon Cannon  
  76  8:02  Photon Cannon  
  76  8:06  Photon Cannon  
  76  8:12  Photon Cannon  
  64  8:45  Probe (Chrono Boost)  
  66  8:55  Probe (Chrono Boost)  
  66  8:58  Photon Cannon  
  66  8:59  Photon Cannon  
  66  9:00  Photon Cannon  
  66  9:06  Probe (Chrono Boost), Protoss Ground Armor Level 1  
  66  9:08  Protoss Ground Weapons Level 1  
  66  9:09  Protoss Shields Level 1  
  67  9:16  Probe (Chrono Boost)  
  68  9:19  Zealot  
  68  9:20  Zealot  
  72  9:27  Probe (Chrono Boost)  
  72  9:29  Twilight Council  
  73  9:37  Probe (Chrono Boost)  
  74  9:47  Probe (Chrono Boost)  
  74  9:51  Probe (Chrono Boost)  
  76  9:54  Pylon  
  76  9:55  Pylon  
  76  9:57  Zealot x2  
  76  9:58  Probe (Chrono Boost), Zealot x4  
  89  10:07  Blink (Chrono Boost), Probe (Chrono Boost)  
  90  10:17  Probe  
  90  10:20  Pylon  
  91  10:26  Photon Cannon  
  91  10:27  Photon Cannon  
  91  10:28  Probe, Photon Cannon  
  92  10:38  Probe  
  93  11:06  Zealot x2  
  93  11:07  Zealot x3  
  93  11:08  Zealot  
  105  11:18  Protoss Ground Weapons Level 2  
  105  11:20  Twilight Council, Protoss Ground Armor Level 2  
  105  11:22  Protoss Shields Level 2  
  105  11:33  Templar Archives  
  105  11:36  Dark Shrine  
  105  11:40  Robotics Facility  
  105  11:42  Robotics Facility  
  81  11:55  Charge (Chrono Boost)  
  73  12:17  Zealot  
  73  12:19  Zealot x5  
  85  12:31  Pylon, Immortal x2  
  93  12:47  Robotics Bay  
  93  12:56  Pylon  
  93  13:02  Zealot x3  
  93  13:03  Zealot x3  
  105  13:08  Pylon  
  103  13:29  Gateway  
  103  13:31  Gateway  
  103  13:32  Gateway  
  103  13:33  Gateway  
  93  13:35  Gateway  
  71  13:43  Zealot x4  
  71  13:44  Zealot x2  
Show
View Real Time Build Order
Export as new Build Order

Obiwan Protoss 

Build Orders:  

Get SALT Encoding   

  12  0:05  Probe (Chrono Boost)  
  13  0:15  Probe (Chrono Boost)  
  14  0:22  Pylon  
  14  0:26  Probe (Chrono Boost)  
  15  0:31  Assimilator  
  15  0:40  Probe (Chrono Boost)  
  16  0:46  Gateway  
  16  1:00  Assimilator  
  17  1:04  Probe (Chrono Boost)  
  17  1:16  Forge  
  17  1:55  Probe (Chrono Boost)  
  18  2:05  Probe (Chrono Boost)  
  19  2:16  Probe (Chrono Boost), Nexus  
  20  2:28  Probe (Chrono Boost)  
  21  2:35  Pylon  
  20  3:03  Gateway  
  20  3:23  Cybernetics Core  
  20  3:33  Pylon  
  20  3:36  Pylon  
  20  3:39  Pylon  
  20  3:42  Probe (Chrono Boost)  
  20  3:45  Pylon  
  21  3:49  Pylon  
  21  3:53  Probe (Chrono Boost)  
  22  4:20  Warp Gate  
  22  4:22  Mothership Core (Chrono Boost)  
  24  4:29  Photon Cannon  
  24  4:31  Photon Cannon  
  24  4:34  Photon Cannon  
  24  4:39  Photon Cannon  
  24  4:41  Photon Cannon  
  24  4:48  Photon Cannon  
  24  5:02  Gateway  
  24  5:03  Gateway  
  24  5:06  Gateway  
  24  5:08  Gateway  
  24  5:10  Gateway  
  24  5:16  Gateway  
  24  5:34  Pylon  
  24  6:45  Stalker x3  
  24  6:46  Stalker x5  
  40  7:00  Twilight Council  
  40  7:09  Pylon  
  40  7:18  Gateway x2  
  40  7:24  Pylon  
  40  7:26  Pylon  
  40  7:29  Pylon  
  40  7:40  Stalker  
  40  7:41  Stalker  
  44  7:51  Blink  
  44  8:22  Stalker  
  44  8:23  Stalker x2  
  44  8:24  Stalker  
  34  9:33  Stalker  
  34  9:34  Stalker x5  
  34  9:35  Stalker x2  
  50  9:58  Stalker  
  50  9:59  Stalker x2  
  56  10:31  Stalker x3  
  56  10:32  Stalker  
  34  11:05  Stalker x2  
  34  11:06  Stalker x2  
  42  11:28  Stalker x2  
  42  11:29  Stalker  
  48  12:29  Stalker  
  50  12:32  Stalker  
  50  12:35  Stalker  
  50  12:36  Stalker  
  56  12:44  Stalker x4  
  58  12:45  Stalker  
Show
View Real Time Build Order
Export as new Build Order

hungryhippo Protoss 

Build Orders:  

Get SALT Encoding   

  12  0:01  Probe (Chrono Boost)  
  13  0:11  Probe (Chrono Boost)  
  14  0:22  Probe (Chrono Boost)  
  15  0:31  Pylon  
  15  0:40  Assimilator  
  15  0:46  Pylon  
  16  0:50  Probe (Chrono Boost)  
  16  1:00  Probe (Chrono Boost)  
  17  1:08  Gateway  
  17  1:22  Probe (Chrono Boost)  
  18  1:26  Assimilator  
  19  1:32  Probe (Chrono Boost)  
  19  1:43  Probe (Chrono Boost), Nexus  
  20  1:52  Forge  
  20  2:08  Pylon  
  20  2:11  Pylon  
  20  2:13  Assimilator  
  20  2:19  Probe (Chrono Boost)  
  21  2:27  Zealot (Chrono Boost)  
  23  2:30  Probe (Chrono Boost)  
  24  2:40  Probe (Chrono Boost)  
  25  2:53  Probe, Zealot (Chrono Boost)  
  28  3:04  Probe  
  29  3:14  Probe  
  30  3:21  Cybernetics Core  
  30  3:23  Gateway  
  30  3:25  Probe  
  30  3:26  Gateway  
  31  3:35  Probe  
  32  3:46  Probe  
  35  3:56  Probe, Zealot (Chrono Boost)  
  34  4:07  Probe  
  37  4:19  Stalker (Chrono Boost), Probe  
  37  4:20  Stalker (Chrono Boost)  
  37  4:21  Stalker (Chrono Boost)  
  40  4:29  Probe  
  41  4:36  Twilight Council  
  43  4:45  Stalker (Chrono Boost)  
  43  4:47  Pylon  
  43  4:50  Pylon, Stalker (Chrono Boost)  
  43  4:51  Stalker (Chrono Boost)  
  47  5:04  Photon Cannon  
  47  5:07  Photon Cannon  
  47  5:09  Photon Cannon  
  47  5:14  Charge  
  47  5:20  Stalker (Chrono Boost)  
  49  5:23  Photon Cannon  
  49  5:25  Adept (Chrono Boost)  
  49  5:26  Photon Cannon  
  53  5:32  Adept (Chrono Boost)  
  53  5:38  Protoss Shields Level 1  
  53  5:39  Probe  
  56  5:50  Adept (Chrono Boost), Probe  
  56  5:56  Assimilator  
  57  6:00  Probe  
  58  6:11  Probe  
  58  6:16  Stalker (Chrono Boost)  
  63  6:21  Probe  
  63  6:22  Adept (Chrono Boost)  
  63  6:24  Nexus  
  66  6:27  Stalker (Chrono Boost)  
  66  6:32  Probe  
  66  6:33  Pylon  
  66  6:39  Pylon  
  67  6:41  Assimilator  
  67  6:45  Stalker (Chrono Boost)  
  67  6:47  Assimilator  
  71  6:50  Stalker (Chrono Boost)  
  71  6:54  Blink  
  71  6:56  Photon Cannon  
  71  7:02  Photon Cannon  
  71  7:05  Photon Cannon  
  71  7:10  Photon Cannon  
  71  7:13  Stalker (Chrono Boost)  
  73  7:21  Stalker (Chrono Boost)  
  77  7:32  Stalker (Chrono Boost), Protoss Ground Armor Level 1  
  77  7:39  Stalker (Chrono Boost)  
  77  7:42  Pylon  
  78  8:03  Stalker x2 (Chrono Boost)  
  84  8:05  Stalker (Chrono Boost)  
  84  8:14  Probe  
  85  8:24  Probe  
  86  8:39  Probe  
  86  8:41  Zealot (Chrono Boost)  
  85  8:42  Stalker (Chrono Boost)  
  85  8:45  Stalker (Chrono Boost)  
  69  8:50  Probe  
  49  9:04  Zealot (Chrono Boost)  
  47  9:12  Zealot (Chrono Boost)  
  47  9:14  Zealot (Chrono Boost)  
  31  9:26  Stargate  
  31  9:27  Stargate  
  31  9:28  Stalker (Chrono Boost)  
  31  9:30  Stargate  
  33  9:38  Pylon  
  33  9:41  Pylon  
  33  9:54  Nexus  
  33  9:56  Zealot (Chrono Boost)  
  39  10:00  Zealot x2 (Chrono Boost)  
  39  10:06  Protoss Ground Weapons Level 1  
  39  10:09  Nexus  
  39  10:19  Void Ray  
  39  10:20  Zealot (Chrono Boost)  
  35  10:49  Stalker (Chrono Boost)  
  34  10:54  Stalker x2 (Chrono Boost)  
  30  11:15  Stalker (Chrono Boost)  
  30  11:17  Probe  
  32  11:23  Zealot (Chrono Boost)  
  32  11:24  Stalker (Chrono Boost)  
  37  11:27  Probe  
  39  11:38  Probe  
  39  11:41  Zealot (Chrono Boost)  
  43  11:48  Probe  
  43  11:50  Zealot (Chrono Boost)  
  43  11:53  Zealot (Chrono Boost)  
  44  11:59  Probe  
  37  12:05  Zealot (Chrono Boost)  
  39  12:09  Probe  
  42  12:17  Zealot (Chrono Boost)  
  42  12:18  Zealot (Chrono Boost)  
  42  12:20  Probe  
  39  12:28  Zealot (Chrono Boost)  
  41  12:32  Probe  
  42  12:42  Zealot (Chrono Boost)  
  46  12:45  Probe, Zealot (Chrono Boost)  
  47  12:52  Adept (Chrono Boost)  
  47  12:57  Probe  
  50  13:01  Pylon  
  50  13:03  Assimilator  
  50  13:07  Assimilator  
  50  13:09  Void Ray, Pylon, Probe  
  50  13:12  Adept (Chrono Boost)  
  45  13:21  Probe  
  42  13:33  Probe  
  43  13:34  Zealot (Chrono Boost)  
  43  13:35  Zealot (Chrono Boost)  
  43  13:39  Zealot (Chrono Boost)  
Tags
 
Add a new tag
Caveats
  • Supply blocks, unpowered buildings, or Contaminate may cause inaccurate times.
  • Supply counts are checked every 10 seconds.